 Dungeon Crawl Stone Soup version 0.21-a0-401-g0b6bec4 (webtiles) character file.

87 Kavrick the Skirmisher (level 4, -1/49 HPs)
             Began as an Ogre Fighter on Oct 22, 2017.
             Succumbed to an adder's poison
             ... on level 3 of the Dungeon.
             The game lasted 00:01:53 (1938 turns).

Kavrick the Skirmisher (Ogre Fighter)               Turns: 1938, Time: 00:01:54

Health: -1/49      AC:  3    Str: 26    XL:     4   Next: 51%
Magic:  4/4        EV:  8    Int:  9    God:
Gold:   99         SH:  9    Dex:  8    Spells: 3/3 levels left

rFire    . . .     SeeInvis .   a - +0 war axe
rCold    . . .     Gourm    .   c - +0 shield
rNeg     . . .     Faith    .   b - +0 robe
rPois    .         Spirit   .   l - +0 hat
rElec    .         Reflect  .   (no cloak)
rCorr    .         Harm     .   (gloves unavailable)
MR       .....                  (boots unavailable)
Stlth    +.........             (no amulet)
HPRegen  0.16/turn              (no ring)
MPRegen  0.09/turn              (no ring)

@: mighty, lethally poisoned (-1 -> -12)
A: unfitting armour, tough skin 1
a: no special abilities


You were on level 3 of the Dungeon.
You were not hungry.

You visited 1 branch of the dungeon, and saw 3 of its levels.

You collected 99 gold pieces.

Inventory:

Hand Weapons
 a - a +0 war axe (weapon)
Armour
 b - a +0 robe (worn)
 c - a +0 shield (worn)
 l - a +0 hat (worn)
Jewellery
 e - an uncursed amulet of magic regeneration {unknown}
 m - an uncursed ring of see invisible {unknown}
Scrolls
 h - 3 scrolls of remove curse {unknown}
 i - a scroll of identify {unknown}
 j - a scroll of recharging {unknown}
Potions
 d - a potion of might
 g - a potion of agility {unknown}
Comestibles
 f - a bread ration
 k - 2 royal jellies


   Skills:
 + Level 4.6 Fighting
 * Level 3.3 Axes
 + Level 1.2 Armour
 - Level 2.6 Dodging
 + Level 3.1 Shields


You had 3 spell levels left.
You didn't know any spells.

Dungeon Overview and Level Annotations

Branches:
Dungeon (3/15)

Altars:

Annotations:
D:3 Sigmund


Innate Abilities, Weirdness & Mutations

You are too large for most types of armour.
You have tough skin. (AC +1)


Message History

The adder is heavily wounded.
You feel sick. The adder bites you.
* * * LOW HITPOINT WARNING * * *
The adder bites you but does no damage.
You closely miss the adder.
The adder is heavily wounded.
You feel sick. The adder barely misses you.
You eat one of the 2 bread rations.
That bread ration really hit the spot!
You feel sick. The adder closely misses you. You block the adder's attack.
You feel very mighty all of a sudden.
You feel sick. You block the adder's attack.
You closely miss the adder.
The adder is heavily wounded.
The adder bites you.
* * * LOW HITPOINT WARNING * * *
You are more poisoned.
The adder poisons you! The adder bites you but does no damage.
You completely miss the adder.
The adder is heavily wounded.
You die...

.# #.....# #.#..#.# #
.########.....#########.#..#.####
........'.......................^
.########.....#.........##.#.##.#
####### #..†..#.........##....#.#
......#########.........####.....
........................# #..#..
......#########.........# #....#
......# ##@######## #...<.
......# #S###### #.#.## ......#
##oo....# #.#... ......#
#.......# #.#### ......#
#......=# #. ......# #....####
......# ######..## #######
#........# #........#


You could see an adder and 2 orcs.

Vanquished Creatures
  2 adders
  An ooze (D:2)
  A worm (D:2)
  6 dart slugs
  A leopard gecko (D:1)
  An orc (D:3)
  2 ball pythons (D:1)
  7 bats
  6 giant cockroaches
  5 goblins
  7 hobgoblins
  2 frilled lizards (D:2)
  2 kobolds
  A rat (D:2)
44 creatures vanquished.

Notes
Turn   | Place    | Note
-------+----------+-------------------------------------------
     0 | D:1      | Kavrick the Ogre Fighter began the quest for the Orb.
     0 | D:1      | Reached XP level 1. HP: 24/24 MP: 1/1
    76 | D:1      | Reached XP level 2. HP: 32/32 MP: 2/2
   183 | D:1      | Reached XP level 3. HP: 36/40 MP: 3/3
   955 | D:2      | Reached skill level 1 in Armour
  1222 | D:2      | Reached XP level 4. HP: 49/49 MP: 4/4
  1672 | D:3      | Noticed Sigmund
  1937 | D:3      | HP: 1/49 [adder (5)]
  1938 | D:3      | Succumbed to an adder's poison

Vault maps used:
D:1:      dpeg_arrival_fog
D:3:      first_bread, uniq_sigmund

Skill      XL: |  1  2  3 |
---------------+----------+-----
Shields        | 3 |  3.1
Axes           | 3 |  3.3
Armour         | 1 |  1.2
Fighting       | |  4.6
Dodging        | |  2.6

Action                   |  1- 3 |  4- 6 || total
-------------------------+-------+-------++-------
Melee: War axe           |    83 |    47 ||   130
  Use: Potion            |       |     1 ||     1
  Eat: Chunk             |     1 |     1 ||     2
       Bread ration      |       |     1 ||     1
Armor: Robe              |    23 |    15 ||    38
Dodge: Dodged            |    37 |    23 ||    60
Block: Shield            |    53 |    25 ||    78

Table legend:
 A = Spawn XP
 B = Non-spawn XP
 C = Spawn XP percentage of total XP
 D = Spawn monster count
 E = Non-spawn monster count
 F = Spawn count percentage of total count
 G = Total turns spent on level
                    A         B        C        D         E        F      G
               +---------+---------+-------+---------+---------+-------+---------
         Total |       0 |     125 |   0.0 |       0 |      44 |   0.0 |  1938
               +---------+---------+-------+---------+---------+-------+---------
           D:1 |       0 |      50 |   0.0 |       0 |      22 |   0.0 |   872
           D:2 |       0 |      48 |   0.0 |       0 |      15 |   0.0 |   614
           D:3 |       0 |      27 |   0.0 |       0 |       7 |   0.0 |   452
               +---------+---------+-------+---------+---------+-------+---------
